Map: Berlingrad LE

Players

Serral - Winner!

  • Race: Zerg Zerg

SpeCial

  • Race: Terran Terran
  • League: Master

Event: TSL 8

VOD

Have the link to the VOD?

Description

Time

  • Played on: Dec. 3, 2021, 11:12 a.m.
  • Length: 5:54

All games in this series

Show
View Real Time Build Order
Export as new Build Order

Serral Zerg - Winner!

Build Orders: Hatch First 

Get SALT Encoding   

  12  0:00  Drone  
  13  0:12  Overlord  
  13  0:16  Drone  
  14  0:30  Drone x2  
  16  0:47  Hatchery  
  15  0:51  Drone  
  15  0:54  Drone  
  17  0:57  Drone  
  18  1:07  Extractor  
  17  1:12  Spawning Pool  
  17  1:15  Drone  
  17  1:19  Drone  
  18  1:28  Drone  
  19  1:38  Drone  
  20  1:56  Drone  
  20  1:59  Queen x2  
  20  2:00  Zergling x4  
  27  2:10  Drone, Overlord  
  28  2:22  Hatchery  
  28  2:28  Spore Crawler  
  26  2:31  Drone  
  26  2:34  Drone  
  26  2:35  Drone  
  30  2:39  Drone  
  31  2:44  Queen  
  31  2:48  Overlord  
  31  2:50  Drone  
  34  2:53  Drone  
  34  2:54  Drone  
  36  3:02  Roach Warren  
  35  3:06  Drone  
  35  3:09  Drone x2  
  35  3:11  Drone  
  39  3:13  Drone  
  39  3:19  Drone  
  41  3:20  Overlord  
  41  3:25  Queen  
  43  3:35  Overlord  
  45  3:42  Roach  
  45  3:43  Roach x2  
  45  3:44  Roach  
  45  3:46  Roach  
  45  3:47  Roach  
  45  3:48  Roach  
  57  3:54  Roach x2  
  61  3:57  Drone x2  
  61  4:00  Queen  
  65  4:03  Overlord  
  65  4:05  Drone  
  66  4:19  Overlord  
  66  4:21  Overlord  
  66  4:22  Drone x6  
  66  4:24  Drone  
  73  4:26  Drone  
  74  4:33  Lair  
  74  4:34  Overlord  
  74  4:35  Extractor  
  73  4:39  Drone x3  
  73  4:40  Drone  
  73  4:44  Drone x2  
  79  4:46  Drone  
  79  4:49  Drone x2  
  79  4:50  Ravager  
  84  4:52  Drone  
  84  5:01  Evolution Chamber  
  84  5:02  Evolution Chamber  
  80  5:07  Drone x3  
  80  5:11  Drone x3  
  80  5:13  Drone x2  
  78  5:16  Drone  
  78  5:19  Drone  
  80  5:21  Drone  
  80  5:26  Drone x6  
  85  5:32  Drone, Extractor  
  85  5:33  Drone, Extractor x2  
  85  5:34  Overlord, Extractor  
Show
View Real Time Build Order
Export as new Build Order

SpeCial Terran 

Build Orders: Reaper Expand, Hellion Banshee 

Get SALT Encoding   

  12  0:00  SCV  
  13  0:12  SCV  
  14  0:18  Supply Depot  
  14  0:24  SCV  
  15  0:39  SCV  
  15  0:41  Barracks  
  16  0:43  Refinery  
  16  0:51  SCV  
  17  1:03  SCV  
  18  1:15  SCV  
  19  1:29  Reaper  
  19  1:30  Orbital Command  
  20  1:39  Command Center  
  20  1:54  Supply Depot  
  20  1:56  SCV  
  20  2:01  Marine  
  22  2:05  Factory  
  22  2:09  SCV  
  23  2:19  Refinery  
  23  2:20  Barracks Reactor  
  23  2:23  SCV  
  24  2:35  SCV  
  25  2:47  SCV  
  26  2:51  Orbital Command  
  26  2:54  Starport  
  26  2:59  SCV  
  26  3:01  Hellion x2  
  31  3:06  Barracks Tech Lab  
  31  3:12  SCV  
  32  3:13  Supply Depot  
  32  3:18  SCV  
  33  3:23  Hellion  
  33  3:24  SCV  
  33  3:25  Hellion  
  38  3:30  SCV  
  39  3:36  SCV  
  39  3:38  Raven  
  42  3:42  SCV  
  42  3:43  Marine  
  42  3:47  Supply Depot  
  44  3:48  SCV  
  44  3:49  Hellion x2  
  49  3:55  SCV  
  49  4:01  SCV  
  51  4:08  SCV  
  52  4:12  Hellion x2  
  52  4:13  Supply Depot, SCV  
  57  4:20  SCV, Marine  
  57  4:21  Banshee  
  57  4:23  Bunker  
  61  4:25  SCV  
  62  4:35  SCV  
  62  4:37  SCV, Marine  
  63  4:45  Supply Depot  
  63  4:47  Command Center  
  63  4:49  SCV x2  
  65  4:59  Barracks Tech Lab  
  65  5:01  SCV x2, Barracks  
  65  5:03  Barracks  
  63  5:13  SCV x2, Starport Tech Lab  
  48  5:21  Marine  
  48  5:25  SCV  
  48  5:26  SCV  
  45  5:38  SCV x2  
Tags
 
Add a new tag
Caveats
  • Supply blocks, unpowered buildings, or Contaminate may cause inaccurate times.
  • Supply counts are checked every 10 seconds.